[Event "26th Abu Dhabi Master 2019"]
[Site "Abu Dhabi"]
[Date "2019.08.07"]
[Round "6.74"]
[White "Thrish Karthik"]
[Black "Davainis, Marius"]
[Result "1/2-1/2"]
[ECO "B28"]
[WhiteElo "2075"]
[BlackElo "2105"]
[Annotator "NA"]
[PlyCount "45"]
[EventDate "2019.08.02"]
[EventType "swiss"]
[EventCountry "UAE"]
[SourceTitle "playchess.com"]
[Source "ChessBase"]
[SourceQuality "1"]
[TimeControl "5400+30"]

1. e4 c5 2. Nf3 a6 3. c4 d6 4. d4 cxd4 5. Nxd4 Nf6 6. Nc3 e6 7. Be2 Be7 8. O-O O-O 9. Be3 Qc7 10. a3 b6 11. Rc1 Bb7 12. f3 Nbd7 13. b4 Rac8 14. Qd2 Qb8 15. Rc2 Rfe8 16. Kh1 Qa8 17. Na4 Bc6 18. Nc3 Bb7 19. Rd1 Bf8 20. Na4 Bc6 21. Nc3 Bb7 22. Na4 Bc6 23. Nc3 1/2-1/2

[Event "26th Abu Dhabi Master 2019"]
[Site "Abu Dhabi"]
[Date "2019.08.08"]
[Round "7.1"]
[White "Ni, Hua"]
[Black "Jobava, Baadur"]
[Result "1/2-1/2"]
[ECO "D17"]
[WhiteElo "2668"]
[BlackElo "2594"]
[Annotator "ChessBase"]
[PlyCount "75"]
[EventDate "2019.08.02"]
[EventType "swiss"]
[EventCountry "UAE"]
[SourceTitle "playchess.com"]
[Source "ChessBase"]
[SourceQuality "1"]
[TimeControl "5400+30"]

1. d4 d5 2. c4 c6 3. Nf3 Nf6 4. Nc3 dxc4 5. a4 Bf5 6. Ne5 Na6 7. e3 Nb4 8. Bxc4 e6 9. O-O Bd6 10. Qe2 h6 11. e4 Bh7 12. Bf4 O-O 13. Rad1 Qc7 14. Bg3 Rae8 15. Bb3 a6 16. Nc4 Bxg3 17. hxg3 b5 18. Ne5 Rd8 19. Ng4 Nxg4 20. Qxg4 Qb6 21. axb5 axb5 22. Ne2 c5 23. dxc5 Qxc5 24. Qf3 Nc6 25. Rc1 Qb6 26. Rfd1 b4 27. Qf4 Na5 28. Rxd8 Rxd8 29. Ba4 Bg6 30. Qe5 f6 31. Qc5 Qxc5 32. Rxc5 Ra8 33. f3 Nb7 34. Rb5 Rxa4 35. Rxb7 e5 36. Kf2 Bf7 37. Ke3 h5 38. f4 1/2-1/2

[Event "26th Abu Dhabi Master 2019"]
[Site "Abu Dhabi"]
[Date "2019.08.08"]
[Round "7.2"]
[White "Karthikeyan, Murali"]
[Black "Socko, Bartosz"]
[Result "1/2-1/2"]
[ECO "C11"]
[WhiteElo "2613"]
[BlackElo "2625"]
[Annotator "ChessBase"]
[PlyCount "84"]
[EventDate "2019.08.02"]
[EventType "swiss"]
[EventCountry "UAE"]
[SourceTitle "playchess.com"]
[Source "ChessBase"]
[SourceQuality "1"]
[TimeControl "5400+30"]

1. e4 e6 2. d4 d5 3. Nc3 Nf6 4. e5 Nfd7 5. f4 c5 6. Nf3 a6 7. Be3 Qb6 8. Rb1 Nc6 9. Qd2 Qa7 10. Ne2 b5 11. g3 Be7 12. Bg2 a5 13. O-O b4 14. f5 Ba6 15. fxe6 fxe6 16. Bh3 Bxe2 17. Qxe2 cxd4 18. Bf2 Qa6 19. Qxa6 Rxa6 20. Bxe6 Ncxe5 21. Nxd4 Nf3+ 22. Nxf3 Rxe6 23. Rbe1 Rxe1 24. Rxe1 Kf7 25. Rd1 Nf6 26. Bd4 Rc8 27. c3 Ne4 28. cxb4 axb4 29. Ne5+ Ke6 30. Nd3 g5 31. Rc1 Rxc1+ 32. Nxc1 Bc5 33. Nb3 Bxd4+ 34. Nxd4+ Kd6 35. Kf1 Nd2+ 36. Ke2 Nc4 37. b3 Ne5 38. h4 gxh4 39. gxh4 Kc5 40. Ne6+ Kd6 41. Nd4 Kc5 42. Ne6+ Kd6 1/2-1/2

[Event "26th Abu Dhabi Master 2019"]
[Site "Abu Dhabi"]
[Date "2019.08.08"]
[Round "7.3"]
[White "Esipenko, Andrey"]
[Black "Yakubboev, Nodirbek"]
[Result "1/2-1/2"]
[ECO "C54"]
[WhiteElo "2621"]
[BlackElo "2575"]
[Annotator "ChessBase"]
[PlyCount "57"]
[EventDate "2019.08.02"]
[EventType "swiss"]
[EventCountry "UAE"]
[SourceTitle "playchess.com"]
[Source "ChessBase"]
[SourceQuality "1"]
[TimeControl "5400+30"]

1. Nf3 Nc6 2. e4 e5 3. Bc4 Bc5 4. c3 Nf6 5. d3 d6 6. O-O a6 7. a4 Ba7 8. Re1 O-O 9. h3 Ne7 10. Nbd2 Ng6 11. Nf1 c6 12. Bb3 Re8 13. Ng3 Be6 14. d4 h6 15. Bc2 Qc7 16. Be3 Rad8 17. Qc1 Bb8 18. a5 Qd7 19. dxe5 dxe5 20. Bb6 Bc7 21. Qe3 Nf4 22. Rad1 Qc8 23. Bxc7 Qxc7 24. b4 g6 25. Nf1 Kg7 26. N1d2 c5 27. Qxc5 Qxc5 28. bxc5 Nd7 29. c6 1/2-1/2

[Event "26th Abu Dhabi Master 2019"]
[Site "Abu Dhabi"]
[Date "2019.08.08"]
[Round "7.4"]
[White "Maghsoodloo, Parham"]
[Black "Can, Emre"]
[Result "1/2-1/2"]
[ECO "A25"]
[WhiteElo "2656"]
[BlackElo "2595"]
[Annotator "ChessBase"]
[PlyCount "77"]
[EventDate "2019.08.02"]
[EventType "swiss"]
[EventCountry "UAE"]
[SourceTitle "playchess.com"]
[Source "ChessBase"]
[SourceQuality "1"]
[TimeControl "5400+30"]

1. c4 e5 2. g3 Nc6 3. Nc3 g6 4. Bg2 Bg7 5. Rb1 a5 6. a3 Nf6 7. d3 d6 8. Nh3 Bd7 9. f4 Qc8 10. Nf2 Ng4 11. O-O O-O 12. Nd5 Re8 13. e3 exf4 14. gxf4 Ne7 15. Nxe7+ Rxe7 16. Qf3 Nxf2 17. Qxf2 f5 18. b4 axb4 19. axb4 Bc6 20. Bxc6 bxc6 21. Qf3 Qe8 22. b5 Rb8 23. Bd2 cxb5 24. Qd5+ Qf7 25. Rxb5 Rxb5 26. Qxb5 Bf6 27. Rb1 Kg7 28. Qc6 Qe8 29. Qxe8 Rxe8 30. Rb7 Bd8 31. Kf2 Kf7 32. Kf3 Ke6 33. e4 fxe4+ 34. dxe4 Rf8 35. Ke3 Rf7 36. Ba5 Kd7 37. Rb5 Bf6 38. Rb8 Bg7 39. Be1 1/2-1/2

[Event "26th Abu Dhabi Master 2019"]
[Site "Abu Dhabi"]
[Date "2019.08.08"]
[Round "7.5"]
[White "Bartel, Mateusz"]
[Black "Vaibhav, Suri"]
[Result "1-0"]
[ECO "E21"]
[WhiteElo "2600"]
[BlackElo "2591"]
[Annotator "ChessBase"]
[PlyCount "61"]
[EventDate "2019.08.02"]
[EventType "swiss"]
[EventCountry "UAE"]
[SourceTitle "playchess.com"]
[Source "ChessBase"]
[SourceQuality "1"]
[TimeControl "5400+30"]

1. d4 Nf6 2. c4 e6 3. Nc3 Bb4 4. Nf3 b6 5. Bd2 Bb7 6. e3 O-O 7. Bd3 d5 8. cxd5 exd5 9. Rc1 Be7 10. O-O c5 11. Ne5 Nc6 12. Be1 Bd6 13. f4 cxd4 14. Nxc6 Bxc6 15. exd4 Be7 16. Bh4 Qd6 17. a3 Bd8 18. Bg3 Ne4 19. Bxe4 dxe4 20. f5 Qd7 21. f6 Re8 22. d5 Bb7 23. Qh5 gxf6 24. Rf5 Kh8 25. Rcf1 e3 26. Rxf6 e2 27. Rxf7 exf1=Q+ 28. Kxf1 Ba6+ 29. Kg1 Qxf7 30. Qxf7 Bg5 31. Bf2 1-0

[Event "26th Abu Dhabi Master 2019"]
[Site "Abu Dhabi"]
[Date "2019.08.08"]
[Round "7.6"]
[White "Aravindh, Chithambaram VR."]
[Black "Yuffa, Daniil"]
[Result "1/2-1/2"]
[ECO "A38"]
[WhiteElo "2600"]
[BlackElo "2582"]
[Annotator "ChessBase"]
[PlyCount "127"]
[EventDate "2019.08.02"]
[EventType "swiss"]
[EventCountry "UAE"]
[SourceTitle "playchess.com"]
[Source "ChessBase"]
[SourceQuality "1"]
[TimeControl "5400+30"]

1. Nf3 Nf6 2. g3 c5 3. c4 Nc6 4. Bg2 g6 5. Nc3 Bg7 6. d4 cxd4 7. Nxd4 O-O 8. O-O Qa5 9. e3 d6 10. Bd2 Bd7 11. Rc1 Rfc8 12. Qe2 Bg4 13. f3 Bd7 14. b3 a6 15. Nxc6 Bxc6 16. e4 Qa3 17. Rc2 a5 18. Rb1 Bd7 19. Be3 Qb4 20. Bf1 Bc6 21. a4 Nd7 22. Na2 Qa3 23. c5 d5 24. Bc1 Bd4+ 25. Kh1 Qxc5 26. Rxc5 Nxc5 27. Be3 e5 28. Bxd4 exd4 29. e5 d3 30. Qd1 d4 31. Bxd3 Re8 32. Bb5 Bxb5 33. axb5 d3 34. Rc1 Rxe5 35. f4 Rd5 36. Rc4 d2 37. Nc3 Re8 38. Kg2 Re1 39. Rxc5 Rxd1 40. Rc8+ Kg7 41. Nxd1 Rxb5 42. Kf2 Rxb3 43. Ke2 h5 44. Rc3 Rxc3 45. Nxc3 Kf6 46. Ne4+ Ke6 47. Kxd2 Kd5 48. Kd3 b5 49. Ng5 f6 50. Ne4 Ke6 51. Kd4 a4 52. h3 a3 53. g4 hxg4 54. hxg4 a2 55. Nc5+ Kd6 56. Nb3 g5 57. f5 Kc6 58. Na1 Kd6 59. Nc2 b4 60. Na1 Kc6 61. Nb3 Kd6 62. Na1 Kc6 63. Nb3 Kd6 64. Na1 {[%emt 0:00:44] Ke5+ Ke4+} 1/2-1/2

[Event "26th Abu Dhabi Master 2019"]
[Site "Abu Dhabi"]
[Date "2019.08.08"]
[Round "7.7"]
[White "Aleksandrov, Aleksej"]
[Black "Zubov, Alexander"]
[Result "1/2-1/2"]
[ECO "E54"]
[WhiteElo "2571"]
[BlackElo "2601"]
[Annotator "ChessBase"]
[PlyCount "25"]
[EventDate "2019.08.02"]
[EventType "swiss"]
[EventCountry "UAE"]
[SourceTitle "playchess.com"]
[Source "ChessBase"]
[SourceQuality "1"]
[TimeControl "5400+30"]

1. d4 Nf6 2. c4 e6 3. Nc3 Bb4 4. e3 O-O 5. Bd3 c5 6. Nf3 d5 7. O-O dxc4 8. Bxc4 Nc6 9. a3 Ba5 10. h3 h6 11. d5 exd5 12. Nxd5 Be6 13. Nxf6+ 1/2-1/2

[Event "26th Abu Dhabi Master 2019"]
[Site "Abu Dhabi"]
[Date "2019.08.08"]
[Round "7.8"]
[White "Aryan Chopra"]
[Black "Antipov, Mikhail Al."]
[Result "0-1"]
[ECO "B90"]
[WhiteElo "2553"]
[BlackElo "2582"]
[Annotator "ChessBase"]
[PlyCount "60"]
[EventDate "2019.08.02"]
[EventType "swiss"]
[EventCountry "UAE"]
[SourceTitle "playchess.com"]
[Source "ChessBase"]
[SourceQuality "1"]
[TimeControl "5400+30"]

1. e4 c5 2. Nf3 d6 3. d4 cxd4 4. Nxd4 Nf6 5. Nc3 a6 6. h4 e5 7. Nb3 Be7 8. Be2 h6 9. Be3 Be6 10. Nd5 Nxd5 11. exd5 Bf5 12. g4 Be4 13. Bf3 Bh7 14. Qd2 Nd7 15. Na5 Qc7 16. Rc1 e4 17. Be2 Ne5 18. Qb4 O-O 19. Nc4 Nf3+ 20. Bxf3 exf3 21. g5 h5 22. Nd2 Rae8 23. Rg1 Bd8 24. Kd1 Qd7 25. Qd4 Bf5 26. b3 Bg4 27. Ne4 Re5 28. Kd2 Ba5+ 29. c3 Qb5 30. Nxd6 Qe2# 0-1

[Event "26th Abu Dhabi Master 2019"]
[Site "Abu Dhabi"]
[Date "2019.08.08"]
[Round "7.10"]
[White "Paichadze, Luka"]
[Black "Volokitin, Andrei"]
[Result "1/2-1/2"]
[ECO "B22"]
[WhiteElo "2567"]
[BlackElo "2636"]
[Annotator "ChessBase"]
[PlyCount "116"]
[EventDate "2019.08.02"]
[EventType "swiss"]
[EventCountry "UAE"]
[SourceTitle "playchess.com"]
[Source "ChessBase"]
[SourceQuality "1"]
[TimeControl "5400+30"]

1. e4 c5 2. c3 Nf6 3. e5 Nd5 4. Nf3 Nc6 5. Bc4 Nb6 6. Bb3 d6 7. exd6 Qxd6 8. Na3 a6 9. O-O Bf5 10. Bxf7+ Kxf7 11. Qb3+ Nd5 12. Nc4 Qd8 13. Qxb7 Rc8 14. d4 Kg8 15. Rd1 e6 16. dxc5 Bxc5 17. Be3 Bxe3 18. fxe3 Qc7 19. Qxa6 Nb8 20. Qa3 Qxc4 21. Rd4 Qa6 22. Qxa6 Nxa6 23. e4 Nf4 24. Rd6 Bxe4 25. Rxa6 Bxf3 26. gxf3 Kf7 27. Rd1 Rhd8 28. Ra7+ Kf6 29. Rad7 Rxd7 30. Rxd7 Rc5 31. Kf1 Rd5 32. Rxd5 exd5 33. a4 Ke5 34. b4 d4 35. cxd4+ Kxd4 36. a5 Kc4 37. a6 Nd5 38. a7 Nc7 39. Kf2 Kxb4 40. Ke3 Kc5 41. Kf4 Kb6 42. Ke5 Kxa7 43. Kd6 Nb5+ 44. Ke7 Nd4 45. f4 Kb6 46. Kf7 Nf5 47. Kg8 Kc5 48. Kxh7 Kd4 49. Kg6 Ke4 50. Kg5 Nd4 51. h4 Nf5 52. h5 Nh6 53. Kg6 Nf5 54. Kg5 Nd6 55. Kg6 Nf5 56. Kg5 Ne7 57. h6 gxh6+ 58. Kxh6 Kxf4 1/2-1/2

[Event "26th Abu Dhabi Master 2019"]
[Site "Abu Dhabi"]
[Date "2019.08.08"]
[Round "7.11"]
[White "Istratescu, Andrei"]
[Black "Ter-Sahakyan, Samvel"]
[Result "0-1"]
[ECO "B90"]
[WhiteElo "2555"]
[BlackElo "2625"]
[Annotator "ChessBase"]
[PlyCount "66"]
[EventDate "2019.08.02"]
[EventType "swiss"]
[EventCountry "UAE"]
[SourceTitle "playchess.com"]
[Source "ChessBase"]
[SourceQuality "1"]
[TimeControl "5400+30"]

1. e4 c5 2. Nf3 d6 3. d4 cxd4 4. Nxd4 Nf6 5. Nc3 a6 6. Be3 e5 7. Nb3 Be6 8. Qd2 Nbd7 9. O-O-O Rc8 10. f4 h5 11. Kb1 Be7 12. f5 Bc4 13. Bxc4 Rxc4 14. Qd3 b5 15. Nd2 Rc8 16. Bg5 Ng4 17. Bxe7 Qxe7 18. Nd5 Qd8 19. Qa3 a5 20. Qf3 Ngf6 21. Nf1 Nb6 22. Nxf6+ gxf6 23. Ne3 Ke7 24. h4 Rc5 25. Rd3 Qc7 26. Rhd1 Rc6 27. Qe2 b4 28. Rd5 Ra8 29. Qxh5 b3 30. axb3 a4 31. b4 a3 32. b3 Rxc2 33. R5d3 a2+ 0-1

[Event "26th Abu Dhabi Master 2019"]
[Site "Abu Dhabi"]
[Date "2019.08.08"]
[Round "7.12"]
[White "Indjic, Aleksandar"]
[Black "Bajarani, Ulvi"]
[Result "1-0"]
[ECO "D43"]
[WhiteElo "2604"]
[BlackElo "2485"]
[Annotator "ChessBase"]
[PlyCount "43"]
[EventDate "2019.08.02"]
[EventType "swiss"]
[EventCountry "UAE"]
[SourceTitle "playchess.com"]
[Source "ChessBase"]
[SourceQuality "1"]
[TimeControl "5400+30"]

1. d4 e6 2. Nf3 Nf6 3. c4 d5 4. Nc3 c6 5. Bg5 h6 6. Bxf6 Qxf6 7. Qb3 a5 8. e4 a4 9. Qc2 dxe4 10. Nxe4 Bb4+ 11. Ke2 Qf5 12. c5 O-O 13. Ke3 e5 14. Nxe5 Nd7 15. g4 Qe6 16. Bc4 Qe7 17. Ng6 Qe8 18. a3 Ba5 19. Kf3 b6 20. g5 h5 21. Nd6 Qd8 22. Qf5 1-0

[Event "26th Abu Dhabi Master 2019"]
[Site "Abu Dhabi"]
[Date "2019.08.08"]
[Round "7.13"]
[White "Sengupta, Deep"]
[Black "Yilmaz, Mustafa"]
[Result "1-0"]
[ECO "A28"]
[WhiteElo "2558"]
[BlackElo "2618"]
[Annotator "ChessBase"]
[PlyCount "131"]
[EventDate "2019.08.02"]
[EventType "swiss"]
[EventCountry "UAE"]
[SourceTitle "playchess.com"]
[Source "ChessBase"]
[SourceQuality "1"]
[TimeControl "5400+30"]

1. c4 Nf6 2. Nc3 e5 3. Nf3 Nc6 4. e4 Bb4 5. d3 d6 6. a3 Bxc3+ 7. bxc3 Nd7 8. Be2 O-O 9. O-O Nc5 10. Be3 f5 11. exf5 Bxf5 12. d4 Ne4 13. c5 Kh8 14. Qc1 Qf6 15. dxe5 dxe5 16. Qb2 b6 17. cxb6 axb6 18. c4 Ra5 19. Rfd1 Rfa8 20. Rd5 Be6 21. Rb5 h6 22. h3 Nd6 23. Rxa5 Rxa5 24. Rc1 Nf5 25. c5 bxc5 26. Bxc5 Bd5 27. Qd2 Qe6 28. Nh2 Ncd4 29. Bd1 Ra8 30. Ng4 Rd8 31. Qe1 Re8 32. Rc3 Qg6 33. f3 e4 34. f4 Ne6 35. Be3 Nxe3 36. Qxe3 Qf5 37. Ne5 Nxf4 38. Qxf4 Qxe5 39. Qxe5 Rxe5 40. Rxc7 Re8 41. Bh5 Ra8 42. Bg6 Kg8 43. a4 Kf8 44. Rc5 Bb7 45. Re5 Bc6 46. Bxe4 Bxe4 47. Rxe4 Kf7 48. Kf2 Kf6 49. Ke3 Kf5 50. Rb4 Ke5 51. h4 g6 52. Rb5+ Ke6 53. a5 h5 54. Kf4 Rc8 55. Kg5 Rc2 56. Kxg6 Rxg2+ 57. Kxh5 Kf6 58. a6 Ra2 59. Rb6+ Kf5 60. Kh6 Kg4 61. h5 Ra5 62. Kg6 Rg5+ 63. Kf6 Rxh5 64. Rb4+ Kf3 65. Ra4 Rh6+ 66. Kg7 1-0

[Event "26th Abu Dhabi Master 2019"]
[Site "Abu Dhabi"]
[Date "2019.08.08"]
[Round "7.14"]
[White "Tabatabaei, M.amin"]
[Black "Vignesh N R"]
[Result "1-0"]
[ECO "A13"]
[WhiteElo "2601"]
[BlackElo "2466"]
[Annotator "ChessBase"]
[PlyCount "83"]
[EventDate "2019.08.02"]
[EventType "swiss"]
[EventCountry "UAE"]
[SourceTitle "playchess.com"]
[Source "ChessBase"]
[SourceQuality "1"]
[TimeControl "5400+30"]

1. Nf3 d5 2. c4 e6 3. g3 Nf6 4. Bg2 dxc4 5. Qa4+ Nbd7 6. Qxc4 a6 7. Qb3 Rb8 8. O-O c5 9. d4 cxd4 10. Bf4 Nc5 11. Qc4 Bd6 12. Qxd4 Bxf4 13. Qxf4 Ncd7 14. Rd1 O-O 15. Nc3 Qe7 16. Ne5 Nxe5 17. Qxe5 Bd7 18. Rd6 Rfc8 19. Rad1 Be8 20. a3 Rc7 21. Rd7 Rxd7 22. Qxb8 Rxd1+ 23. Nxd1 Qd7 24. Nc3 b5 25. Bb7 a5 26. Ba6 Qd2 27. Bxb5 Qxb2 28. Qc8 Kf8 29. Qc5+ Kg8 30. Bxe8 Nxe8 31. Qxa5 h5 32. Qb4 Qd2 33. a4 Nf6 34. a5 Ng4 35. Kg2 Qe1 36. Qb8+ Kh7 37. Qb1+ Qxb1 38. Nxb1 Ne5 39. a6 Nc6 40. Nc3 Na7 41. Kf3 Kg6 42. Ke4 1-0

[Event "26th Abu Dhabi Master 2019"]
[Site "Abu Dhabi"]
[Date "2019.08.08"]
[Round "7.15"]
[White "Shyaamnikhil P"]
[Black "Bai, Jinshi"]
[Result "1/2-1/2"]
[ECO "B44"]
[WhiteElo "2456"]
[BlackElo "2606"]
[Annotator "ChessBase"]
[PlyCount "50"]
[EventDate "2019.08.02"]
[EventType "swiss"]
[EventCountry "UAE"]
[SourceTitle "playchess.com"]
[Source "ChessBase"]
[SourceQuality "1"]
[TimeControl "5400+30"]

1. e4 c5 2. Nf3 e6 3. d4 cxd4 4. Nxd4 Nc6 5. Nb5 d6 6. c4 Nf6 7. N1c3 a6 8. Na3 Qa5 9. Bd2 Be7 10. Be2 O-O 11. O-O Qe5 12. Bf3 Nd4 13. Nc2 Nxf3+ 14. Qxf3 Bd7 15. b4 Rfc8 16. Qd3 b5 17. Ne3 Rc7 18. a4 bxa4 19. f4 Qh5 20. Rf3 d5 21. Rh3 dxe4 22. Qf1 Qg6 23. Rg3 Qh5 24. Rh3 Qg6 25. Rg3 Qh5 1/2-1/2

[Event "26th Abu Dhabi Master 2019"]
[Site "Abu Dhabi"]
[Date "2019.08.08"]
[Round "7.16"]
[White "Aronyak Ghosh"]
[Black "Petrov, Nikita"]
[Result "1/2-1/2"]
[ECO "A27"]
[WhiteElo "2349"]
[BlackElo "2600"]
[Annotator "ChessBase"]
[PlyCount "63"]
[EventDate "2019.08.02"]
[EventType "swiss"]
[EventCountry "UAE"]
[SourceTitle "playchess.com"]
[Source "ChessBase"]
[SourceQuality "1"]
[TimeControl "5400+30"]

1. c4 e5 2. Nc3 Nc6 3. Nf3 f5 4. d4 e4 5. d5 exf3 6. dxc6 fxg2 7. cxd7+ Qxd7 8. Qxd7+ Bxd7 9. Bxg2 O-O-O 10. Be3 Bb4 11. Rc1 Ne7 12. a3 Bxc3+ 13. Rxc3 Bc6 14. Bg5 Bxg2 15. Rg1 Rd7 16. Bxe7 Rxe7 17. Rxg2 Rhe8 18. Rc2 Kd7 19. Rg3 g6 20. Rd3+ Kc8 21. Kf1 Re4 22. f3 Re3 23. Rcd2 Rxd3 24. Rxd3 c5 25. h4 Kc7 26. Kf2 Re6 27. Re3 Kd6 28. Rxe6+ Kxe6 29. f4 a5 30. a4 b6 31. e3 h5 32. b3 {Ke5} 1/2-1/2

[Event "26th Abu Dhabi Master 2019"]
[Site "Abu Dhabi"]
[Date "2019.08.08"]
[Round "7.17"]
[White "Abdusattorov, Nodirbek"]
[Black "Krishna C R G"]
[Result "1-0"]
[ECO "D15"]
[WhiteElo "2598"]
[BlackElo "2463"]
[Annotator "ChessBase"]
[PlyCount "142"]
[EventDate "2019.08.02"]
[EventType "swiss"]
[EventCountry "UAE"]
[SourceTitle "playchess.com"]
[Source "ChessBase"]
[SourceQuality "1"]
[TimeControl "5400+30"]

1. d4 d5 2. c4 c6 3. Nf3 Nf6 4. Nc3 a6 5. a4 e6 6. e3 c5 7. cxd5 exd5 8. Be2 Nc6 9. O-O Bd6 10. dxc5 Bxc5 11. Qb3 Bf5 12. Bd2 O-O 13. Rac1 Qb6 14. Qxb6 Bxb6 15. Rfd1 Rfd8 16. Be1 Rac8 17. h3 h6 18. Kf1 Kf8 19. Nd4 Nxd4 20. exd4 Ne4 21. Na2 Rxc1 22. Nxc1 Rc8 23. f3 Nf6 24. Nb3 Bc2 25. Rc1 Rc6 26. a5 Bc7 27. Nc5 Bf5 28. b4 Bf4 29. Rc3 Rc7 30. b5 axb5 31. Bxb5 Kg8 32. Rb3 Bc8 33. Ke2 Bd6 34. Bb4 Re7+ 35. Kd1 Nh5 36. Rc3 Rc7 37. Rc2 Nf4 38. Rb2 Bf8 39. Bf1 Ne6 40. Nxe6 Bxe6 41. Bd3 Bxb4 42. Rxb4 Kf8 43. f4 Ke7 44. Rb6 Bd7 45. Kd2 Bc6 46. h4 Kd8 47. f5 Re7 48. a6 Kc7 49. axb7 Re8 50. Rb1 Bxb7 51. f6 gxf6 52. Rf1 Re6 53. Rf5 Kd6 54. Rh5 f5 55. Bxf5 Rf6 56. Ke3 Ke7 57. Bg4 Bc6 58. Re5+ Kd6 59. Bf5 Kc7 60. g4 Kd8 61. Kf4 Rd6 62. Re3 Bd7 63. Ke5 Ke7 64. Bxd7 Kxd7 65. Rf3 Re6+ 66. Kxd5 Rd6+ 67. Kc5 Rc6+ 68. Kb5 Rg6 69. Rxf7+ Ke6 70. Rf4 Kd5 71. g5 Re6 1-0

[Event "26th Abu Dhabi Master 2019"]
[Site "Abu Dhabi"]
[Date "2019.08.08"]
[Round "7.18"]
[White "Petrosyan, Manuel"]
[Black "Rathanvel, V S"]
[Result "1-0"]
[ECO "A48"]
[WhiteElo "2592"]
[BlackElo "2367"]
[Annotator "ChessBase"]
[PlyCount "91"]
[EventDate "2019.08.02"]
[EventType "swiss"]
[EventCountry "UAE"]
[SourceTitle "playchess.com"]
[Source "ChessBase"]
[SourceQuality "1"]
[TimeControl "5400+30"]

1. d4 Nf6 2. Nf3 g6 3. e3 Bg7 4. Be2 O-O 5. O-O b6 6. c4 Bb7 7. Nc3 d5 8. cxd5 Nxd5 9. Bd2 Nd7 10. Qb3 e6 11. Na4 Qe7 12. Rac1 Rfc8 13. Nc5 bxc5 14. Qxb7 cxd4 15. exd4 Rab8 16. Qa6 Qd8 17. b3 c5 18. Bc4 cxd4 19. Bxd5 exd5 20. Bg5 Nf6 21. Nxd4 Rxc1 22. Rxc1 h6 23. Bf4 Qb6 24. Qxb6 Rxb6 25. f3 Rb7 26. Be3 Kh7 27. Rc5 Bf8 28. Ra5 Bb4 29. Ra6 Kg7 30. Nc6 Bc3 31. Rxa7 Rxa7 32. Bxa7 Kf8 33. Kf2 Ke8 34. Bd4 Bxd4+ 35. Nxd4 Kd7 36. Ke3 Kd6 37. b4 Nd7 38. a4 Ne5 39. a5 Nd7 40. f4 Nb8 41. Nb5+ Kc6 42. Nc3 Kd6 43. b5 Kc5 44. a6 Nd7 45. Na4+ Kxb5 46. a7 1-0

[Event "26th Abu Dhabi Master 2019"]
[Site "Abu Dhabi"]
[Date "2019.08.08"]
[Round "7.19"]
[White "Mahalakshmi, M."]
[Black "Sanal, Vahap"]
[Result "0-1"]
[ECO "E46"]
[WhiteElo "2173"]
[BlackElo "2520"]
[Annotator "ChessBase"]
[PlyCount "76"]
[EventDate "2019.08.02"]
[EventType "swiss"]
[EventCountry "UAE"]
[SourceTitle "playchess.com"]
[Source "ChessBase"]
[SourceQuality "1"]
[TimeControl "5400+30"]

1. d4 Nf6 2. c4 e6 3. Nc3 Bb4 4. e3 O-O 5. Bd2 b6 6. Nf3 Bb7 7. Bd3 d5 8. cxd5 exd5 9. Rc1 Be7 10. O-O c5 11. Ne5 Nbd7 12. f4 a6 13. Kh1 b5 14. Nxd7 Nxd7 15. dxc5 Nxc5 16. Bb1 Re8 17. Ne2 Ne4 18. Nd4 Bf6 19. Bc3 Nxc3 20. Rxc3 b4 21. Rd3 a5 22. Re1 g6 23. Bc2 Qb6 24. Ba4 Re7 25. g3 Rc8 26. Rd2 Rc4 27. Bb3 Rxe3 28. Rxe3 Bxd4 29. Rf3 Be3 30. Bxc4 dxc4 31. Rd8+ Kg7 32. Kg2 c3 33. Rd3 cxb2 34. Qc2 Bd4 35. Rd1 Qc6 36. Qd3 Qe4 37. Qf1 Qc2+ 38. Kh3 Bxf3 0-1

[Event "26th Abu Dhabi Master 2019"]
[Site "Abu Dhabi"]
[Date "2019.08.08"]
[Round "7.20"]
[White "Salem, A.R. Saleh"]
[Black "Vasquez Schroeder, Rodrigo"]
[Result "1-0"]
[ECO "A61"]
[WhiteElo "2672"]
[BlackElo "2496"]
[Annotator "ChessBase"]
[PlyCount "75"]
[EventDate "2019.08.02"]
[EventType "swiss"]
[EventCountry "UAE"]
[SourceTitle "playchess.com"]
[Source "ChessBase"]
[SourceQuality "1"]
[TimeControl "5400+30"]

1. d4 Nf6 2. c4 e6 3. Nf3 c5 4. d5 d6 5. Nc3 exd5 6. cxd5 g6 7. Nd2 Nbd7 8. e4 Bg7 9. Be2 O-O 10. O-O Re8 11. a4 a6 12. Qc2 Ne5 13. Ra3 Bg4 14. f4 Ned7 15. Bd3 Nh5 16. Nc4 Nb6 17. Ne3 Bd4 18. a5 Nc8 19. h3 Bd7 20. Ne2 Bg7 21. g4 Nf6 22. Ng3 Bb5 23. g5 Nd7 24. Ng4 Bxd3 25. Rxd3 Qxa5 26. Bd2 Qb6 27. Rb3 Qa7 28. Rbf3 b5 29. Bc3 b4 30. Bxg7 c4+ 31. Kg2 Kxg7 32. Qxc4 Qc5 33. Qd3 Ncb6 34. b3 Rec8 35. R1f2 Ra7 36. Qd2 h5 37. gxh6+ Kh7 38. f5 1-0

[Event "26th Abu Dhabi Master 2019"]
[Site "Abu Dhabi"]
[Date "2019.08.08"]
[Round "7.21"]
[White "Onischuk, Vladimir"]
[Black "Alavi, Sayed Javad"]
[Result "1-0"]
[ECO "C50"]
[WhiteElo "2637"]
[BlackElo "2454"]
[Annotator "ChessBase"]
[PlyCount "107"]
[EventDate "2019.08.02"]
[EventType "swiss"]
[EventCountry "UAE"]
[SourceTitle "playchess.com"]
[Source "ChessBase"]
[SourceQuality "1"]
[TimeControl "5400+30"]

1. e4 e5 2. Nf3 Nc6 3. Bc4 Bc5 4. d3 Nf6 5. O-O O-O 6. Nbd2 d6 7. c3 a6 8. Bb3 Ba7 9. h3 Be6 10. Bc2 h6 11. Re1 Re8 12. Nf1 d5 13. exd5 Bxd5 14. Ng3 Qd7 15. b4 b5 16. a4 Rad8 17. axb5 axb5 18. Rxa7 Nxa7 19. Nxe5 Qc8 20. d4 Nc6 21. Bf4 Qa6 22. Nf5 Ne7 23. Qd2 Nxf5 24. Bxf5 Nh7 25. Re3 Nf8 26. Rg3 Kh8 27. Bd3 Ra8 28. Kh2 Rab8 29. Ng4 Rb7 30. Be5 Rxe5 31. Nxe5 Qf6 32. Qe3 Rb8 33. Be4 Qe6 34. Bxd5 Qxd5 35. Qf4 f6 36. Qg4 Qg8 37. Nd7 Rd8 38. Nxf6 Qf7 39. Nh5 g6 40. Nf4 Kh7 41. Rf3 Qe7 42. Nd3 Nd7 43. Qg3 Qd6 44. Ne5 Rg8 45. Rf7+ Rg7 46. Qf4 Qe6 47. Rxg7+ Kxg7 48. Qe4 Nb6 49. Qb7 Qd6 50. g3 g5 51. Qb8 Qe7 52. Kg2 Qd6 53. Qe8 Qd5+ 54. Kg1 1-0